 Seeded DCSS version 0.30.1-9-gdf580d7c3d (webtiles) character file.

Game seed: 6351066067085065685 (custom seed)

11 Esekla the Magician (level 2, -1/15 HPs)
             Began as a Deep Elf Wanderer on Sept 28, 2023.
             Was an Initiate of Vehumet.
             Slain by a gnoll
             ... wielding a +0 spear
              (7 damage)
             ... on level 1 of the Dungeon.
             The game lasted 00:12:54 (933 turns).

Esekla the Magician (Deep Elf Wanderer)              Turns: 933, Time: 00:12:55

Health: -1/15      AC:  4    Str: 11    XL:     2   Next: 13%
Magic:  7/9        EV: 11    Int: 17    God:    Vehumet [......]
Gold:   136        SH:  4    Dex: 11    Spells: 6/10 levels left

rFire   . . .        a - +1 short sword (freeze)
rCold   . . .        d - +0 buckler
rNeg    . . .        c - +0 robe
rPois   .            k - +0 helmet
rElec   .            (no cloak)
rCorr   .            j - +0 pair of gloves
SInv    .            (no boots)
Will    .....        (no amulet)
Stlth   ++           (no ring)
HPRegen 0.22/turn    (no ring)
MPRegen 0.11/turn

%: no passive effects
@: on blink cooldown
A: no striking features
a: Renounce Religion


You were on level 1 of the Dungeon.
You worshipped Vehumet.
Vehumet was noncommittal.
You visited 1 branch of the dungeon, and saw 4 of its levels.

You collected 136 gold pieces.

Inventory:

Hand Weapons
 a - a +1 short sword of freezing (weapon)
Armour
 c - a +0 robe (worn)
 d - a +0 buckler (worn)
 j - a +0 pair of gloves (worn)
 k - a +0 helmet (worn)
Scrolls
 g - a scroll of identify {unknown}
 m - 2 scrolls of enchant weapon {unknown}
 n - a scroll of amnesia {unknown}
 o - a scroll of enchant armour {unknown}
Potions
 b - a potion of lignification
 e - a potion of ambrosia {unknown}
 f - 2 potions of attraction {unknown}
 h - a potion of heal wounds {unknown}
 i - 2 potions of curing {unknown}
 l - a potion of mutation {unknown}
 p - a potion of haste {unknown}


   Skills:
 * Level 0.5 Dodging
 + Level 1.2 Stealth
 + Level 1.7 Shields
 * Level 4.6 Spellcasting
 + Level 0.4 Conjurations
 * Level 0.4 Necromancy
 + Level 2.4 Translocations
 + Level 1.0 Invocations


You had 6 spell levels left.
You knew the following spells:

 Your Spells              Type           Power      Damage    Failure   Level
a - Magic Dart            Conj           20%        1d4       19%         1
b - Blink                 Tloc           24%        N/A       12%         2
p - Apportation           Tloc           24%        N/A       9%          1

Your spell library contained the following spells:

 Spells                   Type           Power      Damage    Failure   Level
 Lesser Beckoning         Tloc           24%        N/A       12%         2
 Vampiric Draining        Necr           5%         2d6       47%         3
 Ignite Poison            Fire/Tmut/Pois 3%         N/A       54%         3


Dungeon Overview and Level Annotations

Branches:
Dungeon (4/15)
 Temple: D:4-7

Altars:
Okawaru
Vehumet
Zin

Shops:
D:4 (


Message History

Aim: a goblin, wielding a +3 dagger of speed (100% to hit)
The magic dart hits the goblin.
The goblin is moderately wounded.
You hit the goblin. You freeze the goblin.
You kill the goblin!
Vehumet accepts your kill.
Things that are here:
a +3 dagger of speed; a goblin corpse
Things that are here:
a +3 dagger of speed; a goblin corpse
Found a short sword.
Found 11 gold pieces.
Found a stone staircase leading up.
A rat comes into view.
You now have 136 gold pieces (gained 11).
There is a stone staircase leading up here.
There is a stone staircase leading up here.
A gnoll comes into view. It is wielding a +0 spear.
The gnoll shouts!
You hear a shout! x2
A gnoll comes into view. It is wielding a +0 club.
There is a stone staircase leading up here.
The gnoll closely misses you.
There is a stone staircase leading up here.
The gnoll hits you with a +0 spear. You block the gnoll's attack.
You climb upwards.
The endoplasm quivers.
The kobold shouts!
The kobold throws a stone.
The stone hits you but does no damage.
Found 10 gold pieces and a scroll labelled MANIROASHRE.
Found an escape hatch in the floor.
There is a stone staircase leading down here.
Casting: Magic Dart (safe; 19% risk of failure)
Confirm with . or Enter, or press ? or * to list all spells.
Okay, then.
The gnoll attacks as you move away! The gnoll closely misses you.
The gnoll hits you from afar with a +0 spear.
The gnoll attacks as you move away! The gnoll hits you but does no damage.
Casting: Magic Dart (safe; 19% risk of failure)
Confirm with . or Enter, or press ? or * to list all spells.
You blink.
Found 2 fuming purple potions.
The gnoll hits you with a +0 spear!
You die...

##### #.###..#
#.... #####
#..##.<'
....###...#
##)#####
#..#.....#.# ###
#.....#....## #
#..#.....#..##..
#...............
#....J.g........
#....#gS@.......
#..$.#ยง...K.....
#....#.#........
....###.##...>#!.
$.... #?# ###.# #
.... #.# .# ..l.
#.# # #.# #.# .


You could see 2 gnolls, an endoplasm, a ball python and a kobold.

Vanquished Creatures
  An endoplasm (D:3)
  3 goblins
  A hobgoblin (D:3)
  2 bats
  A frilled lizard (D:3)
  3 kobolds
11 creatures vanquished.

Notes
Turn   | Place    | Note
-------+----------+-------------------------------------------
     0 | D:1      | Esekla the Deep Elf Wanderer began the quest for the Orb.
     0 | D:1      | Esekla set off with the following items: a +0 club, a
                  | potion of lignification, a +0 robe, a +0 buckler; and the
                  | following spells available to memorise: Apportation, Blink,
                  | Lesser Beckoning, Magic Dart, Ignite Poison, Vampiric
                  | Draining.
     0 | D:1      | Reached XP level 1. HP: 10/10 MP: 7/7
     2 | D:1      | Learned a level 1 spell: Magic Dart
     4 | D:1      | Learned a level 1 spell: Apportation
   353 | D:4      | Found a radiant altar of Vehumet.
   357 | D:4      | Became a worshipper of Vehumet
   370 | D:4      | Found an iron altar of Okawaru.
   381 | D:4      | Found a glowing silver altar of Zin.
   485 | D:4      | Found Ponaysk's Antique Weapon Boutique.
   810 | D:3      | Reached XP level 2. HP: 10/15 MP: 9/9
   814 | D:3      | Learned a level 2 spell: Blink
   933 | D:1      | Slain by a gnoll

Illustrated notes

Levels and vault maps discovered:
D:1:      sevenhm_arrival_forest_fort_small_3, layout_rooms,
          chequers_serial_rivers_room_b, minmay_misc_feat_five
D:2:      layout_loops_ring, dreamdust_ecumenical_altar_angels_and_demons,
          serial_shops, shop
D:3:      layout_basic, grunt_temple_overflow_open, minmay_misc_feat_iff
D:4:      layout_basic, nicolae_overflow_quartered_altars, serial_shops,
          nicolae_diamond_shop

Action                     || total
---------------------------++-------
  Melee: Short sword       ||     9
   Cast: Magic Dart        ||    17
         Apportation       ||    16
         Blink             ||     1
    Use: Scroll            ||     1
 Armour: Robe              ||    18
  Dodge: Dodged            ||    27
  Block: Buckler           ||     8
